 Dungeon Crawl Stone Soup version 0.31-a0-234-gad7ace16ef (webtiles) character file.

Game seed: 7111216356045376706

60 qw the Shooter (level 4, -1/26 HPs)
             Began as a Gargoyle Hexslinger on July 9, 2023.
             Slain by Sigmund
             ... wielding a +4 scythe of protection
              (13 damage)
             ... on level 2 of the Dungeon.
             The game lasted 00:00:30 (1167 turns).

qw the Shooter (Gargoyle Hexslinger)                Turns: 1167, Time: 00:00:31

Health: -1/26      AC:  9    Str: 12    XL:     4   Next: 6%
Magic:  5/5        EV: 10    Int: 13    God:
Gold:   50         SH:  0    Dex: 14    Spells: 4/5 levels left

rFire   . . .        Y - +1 sling
rCold   . . .        (no shield)
rNeg    + . .        g - +0 ring mail
rPois   inf          (no helmet)
rElec   +            (no cloak)
rCorr   .            d - +0 pair of gloves
SInv    .            (no boots)
Will    .....        (no amulet)
Stlth   +            (no ring)
HPRegen 0.24/turn    (no ring)
MPRegen 0.09/turn

%: no passive effects
@: no status effects
A: sickness immunity, AC +3, negative energy resistance 1, electricity
resistance, torment resistance 1, petrification resistance
a: no special abilities


You were on level 2 of the Dungeon.
You visited 1 branch of the dungeon, and saw 2 of its levels.

You collected 50 gold pieces.


Innate Abilities, Weirdness & Mutations

You are immune to sickness and miasma.
Your stone body is resilient. (AC +3)
You are immune to poison.
You resist negative energy. (rN+)
You are resistant to electric shocks. (rElec)
You are resistant to unholy torment.
You are immune to petrification.


   Skills:
 - Level 2.0 Fighting
 + Level 3.6 Ranged Weapons
 - Level 1.0 Armour
 - Level 1.5 Dodging
 - Level 1.0 Spellcasting
 - Level 2.6 Hexes


You had 4 spell levels left.
You knew the following spells:

 Your Spells              Type           Power      Damage    Failure   Level
a - Slow                  Hex            28%        N/A       22%         1

Your spell library contained the following spells:

 Spells                   Type           Power      Damage    Failure   Level
 Inner Flame              Hex/Fire       4%         N/A       73%         3
 Portal Projectile        Hex/Tloc       8%         N/A       73%         3
 Cause Fear               Hex            3%         N/A       91%         4

Inventory:

Hand Weapons
 Y - a +1 sling (weapon)
Armour
 d - a +0 pair of gloves (worn)
 g - a +0 ring mail (worn)
Potions
 e - a potion of curing {unknown}

Dungeon Overview and Level Annotations

Branches:
Dungeon (2/15)

Altars:

Shops:
D:1 (

Annotations:
D:2 Sigmund


Message History

You shoot a sling bullet. The sling bullet barely misses Sigmund.
Sigmund barely misses you.
You shoot a sling bullet.
The sling bullet hits Sigmund but does no damage.
Sigmund points at you and mumbles some strange words.
The puff of flame hits you!
You shoot a sling bullet.
The sling bullet closely misses Sigmund.
Sigmund points at you and mumbles some strange words.
You are confused.
Sigmund closely misses you. Sigmund barely misses you.
Sigmund hits you but does no damage.
Sigmund hits you from afar with a +4 scythe of protection.
You feel less confused.
You shoot a sling bullet. The sling bullet hits Sigmund.
Sigmund is lightly wounded.
Sigmund hits you but does no damage.
You shoot a sling bullet.
The sling bullet closely misses Sigmund.
Sigmund gestures at you while chanting. The puff of flame misses you.
Sigmund points at you and mumbles some strange words.
The magic dart hits you but does no damage.
You shoot a sling bullet. The sling bullet barely misses Sigmund.
Sigmund gestures wildly while chanting.
Sigmund flickers and vanishes!
Deactivating autopickup; reactivate with Ctrl-A.
You shoot a sling bullet.
You hear some strange, mumbled words.
A puff of flame appears from out of thin air!
The puff of flame misses you.
You shoot a sling bullet. Something hits you but does no damage.
You shoot a sling bullet. Something hits you!
You shoot a sling bullet. Something hits you!
Ouch! That really hurt!
You die...

### #..
#.# #>####
#.#..
#.#.#
#.#.##
#.@..#
#.#.......
#.#{#.....
#.#.# ..##
#.#.. .#
#.###.# #
#.#.#.#
#.#.#.#
#.#<#.#


There were no monsters in sight!

Vanquished Creatures
  A gnoll (D:1)
  An adder (D:2)
  A dart slug (D:1)
  2 ball pythons
  4 endoplasms (D:1)
  A giant cockroach (D:2)
  3 hobgoblins (D:1)
  5 jackals (D:1)
  2 quokkas (D:1)
  5 bats (D:1)
  2 frilled lizards (D:1)
  6 goblins
  2 kobolds (D:1)
  A rat (D:1)
36 creatures vanquished.

Notes
Turn   | Place    | Note
-------+----------+-------------------------------------------
     0 | D:1      | qw the Gargoyle Hexslinger began the quest for the Orb.
     0 | D:1      | Reached XP level 1. HP: 12/12 MP: 2/2
     0 | D:1      | 0 ||| qw: Version: 0.3-a-51-g015441d
     0 | D:1      | 0 ||| qw: Game counter: 4286
     0 | D:1      | 0 ||| qw: Melee chars always use a shield: true
     0 | D:1      | 0 ||| qw: God list: Okawaru
     0 | D:1      | 0 ||| qw: Allow faded altars: false
     0 | D:1      | 0 ||| qw: Do Orc after clearing Dungeon:15 true
     0 | D:1      | 0 ||| qw: Do second Lair branch before Depths: true
     0 | D:1      | 0 ||| qw: Lair rune preference: random
     0 | D:1      | 0 ||| qw: Goals: Normal
     0 | D:1      | 0 ||| PLANNING D:1-11
    23 | D:1      | 23 ||| FLEEEEING.
    69 | D:1      | Reached XP level 2. HP: 16/16 MP: 3/3
   292 | D:1      | Reached skill level 3 in Ranged Weapons
   435 | D:1      | Reached XP level 3. HP: 21/21 MP: 4/4
   486 | D:1      | Found Giefyj's Weapon Boutique.
   530 | D:1      | 530 ||| UPGRADING to +0 pair of gloves.
   597 | D:1      | 597 ||| UPGRADING to +0 ring mail.
   607 | D:1      | 607 ||| DROPPING +0 robe.
   959 | D:1      | 959 ||| READING scroll labelled ZAISEA XODEUFEPO.
  1060 | D:1      | 1060 ||| DROPPING scroll of poison.
  1084 | D:2      | Reached skill level 1 in Armour
  1092 | D:2      | Reached XP level 4. HP: 25/26 MP: 5/5
  1150 | D:2      | Noticed Sigmund
  1167 | D:2      | Slain by Sigmund

Levels and vault maps discovered:
D:1:      wander_arrival_estate, layout_basic, serial_shops,
          nicolae_shop_bloodbath_and_beyond
D:2:      layout_basic, minmay_increasing_density, uniq_sigmund

Skill      XL: |  1  2  3 |
---------------+----------+-----
Ranged Weapons | 3 |  3.6
Fighting       | 2 |  2.0
Armour         | 1 |  1.0
Dodging        | |  1.5
Spellcasting   | |  1.0
Hexes          | |  2.6

Action                     |  1- 3 |  4- 6 || total
---------------------------+-------+-------++-------
   Fire: Sling             |   128 |    18 ||   146
    Use: Scroll            |     1 |       ||     1
 Armour: Robe              |    19 |       ||    19
         Ring mail         |    11 |     9 ||    20
  Dodge: Dodged            |    56 |     8 ||    64

Table legend:
 A = Non-vault XP
 B = Vault XP
 C = Vault XP percentage of total XP
 D = Non-vault monster count
 E = Vault monster count
 F = Vault count percentage of total count
                 A         B        C        D         E       F
            +---------+---------+-------+---------+---------+-------
      Total |      71 |      16 |  18.4 |      33 |       3 |   8.3
            +---------+---------+-------+---------+---------+-------
        D:1 |      67 |       0 |   0.0 |      31 |       0 |   0.0
        D:2 |       4 |      16 |  80.0 |       2 |       3 |  60.0
            +---------+---------+-------+---------+---------+-------
